 Dungeon Crawl Stone Soup version 0.32-a0-699-g1ee5eff69a (webtiles) character file.

Game seed: 4539925348073586885

323 jasper the Changeling (level 6, -2/29 HPs)
             Began as a Spriggan Shapeshifter on Mar 13, 2024.
             Slain by an ice beast (11 damage)
             ... on level 4 of the Dungeon.
             The game lasted 00:05:47 (2489 turns).

jasper the Changeling (Spriggan Shapeshifter)       Turns: 2489, Time: 00:05:48

Health: -2/29      AC:  2    Str: 10    XL:     6   Next: 23%
Magic:  7/7        EV: 16    Int: 12    God:
Gold:   50         SH:  0    Dex: 16    Spells: 5/5 levels left

rFire   . . .        o - +1 sling
rCold   . . .        (no shield)
rNeg    . . .        a - +0 animal skin
rPois   .            (helmet currently unavailable)
rElec   .            (cloak currently unavailable)
rCorr   +            (gloves unavailable)
SInv    +            (boots unavailable)
Will    +....        (no amulet)
Stlth   +            i - ring of resist corrosion
HPRegen 0.24/turn    (no ring)
MPRegen 0.10/turn

%: no passive effects
@: beast-form, very quick
A: beast (slay +4), very small, no large weapons, unfitting armour, see
invisible, speed 3
a: Begin Untransformation


You were on level 4 of the Dungeon.
You were a hulking beast.
You visited 1 branch of the dungeon, and saw 4 of its levels.

You collected 165 gold pieces.
You spent 115 gold pieces at shops.

Inventory:

Hand Weapons
 m - a +2 dagger of draining
 o - a +1 sling (weapon)
Missiles
 e - 25 stones
 t - 3 boomerangs
 u - 5 atropa-tipped darts
Armour
 a - a +0 animal skin (worn)
Jewellery
 i - a ring of resist corrosion (left hand)
Talismans
 c - a beast talisman (active)
 d - a flux talisman
Scrolls
 f - 2 scrolls of teleportation
 r - a scroll of vulnerability
 w - a scroll of blinking
 x - a scroll of fog
Potions
 b - a potion of lignification
 g - a potion of berserk rage {unknown}
 h - 3 potions of curing
 j - a potion of enlightenment {unknown}
 k - 2 potions of mutation {unknown}
 l - a potion of resistance {unknown}
 n - a potion of invisibility {unknown}


   Skills:
 - Level 0.7 Fighting
 + Level 4.0 Ranged Weapons
 - Level 2.6 Dodging
 - Level 2.4 Unarmed Combat
 - Level 7.0 Shapeshifting


You had 5 spell levels left.
You didn't know any spells.
Your spell library contained the following spells:

 Spells                   Type           Power      Damage    Failure   Level
 Slow                     Hex            0%         N/A       32%         1
 Confusing Touch          Hex            0%         N/A       69%         3
 Vampiric Draining        Necr           0%         2d6       69%         3


Dungeon Overview and Level Annotations

Branches:
Dungeon (4/15)
 Temple: D:4-7

Altars:
Gozag

Shops:
D:2 [   D:3 ?


Innate Abilities, Weirdness & Mutations

You are a hulking beast.
Your limbs bulge with bestial killing power. (Slay +4)
You are very small and have problems with some larger weapons.
You are too small for most types of armour.
You have supernaturally acute eyesight. (SInv)
You cover ground extremely quickly. (Speed+++)


Message History

Press: ? - help, Q - select action, (/) - cycle Shift-Dir - straight line, f/p - ice beast
Aim: an ice beast (moderately wounded, 65% to hit)
You shoot a sling bullet. The sling bullet hits the ice beast!
The ice beast is severely wounded.
Fire: o) +1 sling
Press: ? - help, Q - select action, (/) - cycle Shift-Dir - straight line, f/p - ice beast
Aim: an ice beast (severely wounded, 65% to hit)
You shoot a sling bullet.
The sling bullet hits the ice beast but does no damage.
The ice beast is severely wounded.
The ice beast hits you but does no damage.
Fire: o) +1 sling
Press: ? - help, Q - select action, (/) - cycle Shift-Dir - straight line, f/p - ice beast
Aim: an ice beast (severely wounded, 65% to hit)
You shoot a sling bullet.
The sling bullet completely misses the ice beast.
The ice beast hits you. The ice beast freezes you.
You take 6 damage, and have 23/29 hp.
MASSIVE DAMAGE!!
Fire: o) +1 sling
Press: ? - help, Q - select action, (/) - cycle Shift-Dir - straight line, f/p - ice beast
Aim: an ice beast (severely wounded, 65% to hit)
You shoot a sling bullet.
The sling bullet closely misses the ice beast.
The ice beast closely misses you.
Fire: o) +1 sling
Press: ? - help, Q - select action, (/) - cycle Shift-Dir - straight line, f/p - ice beast
Aim: an ice beast (severely wounded, 65% to hit)
You shoot a sling bullet.
The sling bullet hits the ice beast but does no damage.
The ice beast is severely wounded.
The ice beast hits you. The ice beast freezes you!
You take 13 damage, and have 11/29 hp.
MASSIVE DAMAGE!!
Fire: o) +1 sling
Press: ? - help, Q - select action, (/) - cycle Shift-Dir - straight line, f/p - ice beast
Aim: an ice beast (severely wounded, 65% to hit)
You shoot a sling bullet.
The sling bullet hits the ice beast but does no damage.
The ice beast is severely wounded.
The ice beast hits you. The ice beast freezes you!
You die...

**,**,,,,*,**,,*,****,*
*,,*,,,,**,#....,*..,,*
*,**,,,**,,#....,..#***
**,*,,,**,,*#...#,..*
*,,*,***..###...#..####
**,,*,,,,.####...#..####***
**,,,,,**#####..........,,*
,*,*****
#####.#Y#..####*,**** ,,,*
#####..h##.####*,,,,* ****
#####.....>####****,*
#####.#..#.#...,,**,*
#####.#..#.#.##*,**,*
#####.#..#.#<..*,**,*
#####.#....#.#.*,**,****
#####.##.###.#.*,,,,,,,,
#####........#.,,,,,***,
########.######********,


You could see an ice beast.

Vanquished Creatures
  Eustachio (D:4)
  A bombardier beetle (D:3)
  Natasha (twice) (D:4)
  A scorpion zombie (D:4)
  3 adders (D:3)
  An adder skeleton (D:4)
  6 ribbon worms
  An orc (D:3)
  4 bats (D:3)
  4 endoplasms
  2 giant cockroaches
  A goblin (D:1)
  5 hobgoblins
  2 quokkas
  2 ball pythons (D:3)
  A frilled lizard (D:3)
  2 kobolds (D:3)
  3 rats
42 creatures vanquished.

Notes
Turn   | Place    | Note
-------+----------+-------------------------------------------
     0 | D:1      | jasper the Spriggan Shapeshifter began the quest for the
                  | Orb.
     0 | D:1      | Reached XP level 1. HP: 9/9 MP: 2/2
   544 | D:1      | Reached XP level 2. HP: 14/14 MP: 3/3
   645 | D:1      | Found a faded altar of an unknown god.
  1066 | D:2      | Found Cetz's Armour Shoppe.
  1169 | D:2      | Reached skill level 5 in Shapeshifting
  1236 | D:2      | Found an opulent altar of Gozag.
  1346 | D:3      | Reached XP level 3. HP: 17/17 MP: 4/4
  1527 | D:3      | Reached skill level 6 in Shapeshifting
  1552 | D:3      | Reached XP level 4. HP: 21/21 MP: 5/5
  1627 | D:3      | Found Gudefyal's Magic Scroll Shop.
  1635 | D:3      | Bought a scroll of blinking for 75 gold pieces
  1635 | D:3      | Bought a scroll of fog for 40 gold pieces
  2076 | D:4      | Reached skill level 7 in Shapeshifting
  2119 | D:4      | Noticed Natasha
  2119 | D:4      | Noticed Eustachio
  2131 | D:4      | Killed Natasha
  2132 | D:4      | Reached skill level 1 in Ranged Weapons
  2132 | D:4      | Reached XP level 5. HP: 16/25 MP: 6/6
  2189 | D:4      | Killed Eustachio
  2190 | D:4      | Reached XP level 6. HP: 29/29 MP: 7/7
  2265 | D:4      | Noticed Natasha
  2419 | D:4      | Killed Natasha
  2425 | D:4      | Noticed an ice beast
  2489 | D:4      | Slain by an ice beast

Illustrated notes

Levels and vault maps discovered:
D:1:      minmay_arrival_shattered_statue, layout_loops_ring,
          hellmonk_ecumenical_altar_inner_sanctum
D:2:      layout_basic, serial_shops, shop, basic_altar, fountainhead,
          kennysheep_another_room, uniq_crazy_yiuf_cottage
D:3:      layout_loops_ring, serial_shops, shop
D:4:      minmay_evil_eye, layout_basic, serial_undead, serial_undead_f,
          serial_undead_f, serial_undead_c, serial_undead_a, uniq_robin,
          uniq_eustachio, uniq_grinder, uniq_natasha

Skill      XL: |  1  2  3  4  5  6 |
---------------+-------------------+-----
Shapeshifting  | 5 6 7 |  7.0
Ranged Weapons | 1 3 4 |  4.0
Fighting       | |  0.7
Dodging        | |  2.6
Unarmed Combat | |  2.4

Action                     |  1- 3 |  4- 6 || total
---------------------------+-------+-------++-------
  Melee: Unarmed           |     3 |       ||     3
         Dagger            |    65 |    53 ||   118
   Fire: Sling             |       |    24 ||    24
  Throw: Stone             |    28 |     5 ||    33
    Use: Scroll            |       |     7 ||     7
   Stab: Sleeping          |     1 |       ||     1
 Armour: Animal skin       |    16 |    24 ||    40
  Dodge: Dodged            |    41 |    30 ||    71

Table legend: (Time is in decaauts)
 A = Elapsed time spent in this place.
 B = Non-inter-level travel time spent in this place.
 C = Inter-level travel time spent in this place.
 D = Time resting spent in this place.
 E = Time spent auto-exploring this place.
 F = Levels seen in this place.
 G = Mean time per level.
                   A        B        C        D        E       F      G
               +--------+--------+--------+--------+--------+-----+--------+
         Total |   1710 |   1578 |    132 |    139 |   1036 |   4 |  427.5 |
       Dungeon |   1710 |   1578 |    132 |    139 |   1036 |   4 |  427.5 |
               +--------+--------+--------+--------+--------+-----+--------+

Top non-repeatable levels by time:
     D:3: 583 daAuts
     D:1: 543 daAuts
     D:4: 309 daAuts
     D:2: 273 daAuts
